 Dungeon Crawl Stone Soup version 0.30.1-11-g7821555f0a (webtiles) character file.

Game seed: 2838452098205754916

4124 Skeebo the Cleaver (level 10, -2/78 HPs)
             Began as a Minotaur Berserker on Dec 6, 2023.
             Was a Priest of Trog.
             Slain by a tengu warrior
             ... wielding a +0 war axe
              (3 damage)
             ... on level 8 of the Dungeon.
             The game lasted 00:38:28 (6366 turns).

Skeebo the Cleaver (Minotaur Berserker)             Turns: 6366, Time: 00:38:28

Health: -2/78      AC:  8    Str: 26    XL:     10   Next: 6%
Magic:  9/9        EV: 12    Int:  4    God:    Trog [***...]
Gold:   74         SH:  0    Dex: 10    Spells: 9/9 levels left

rFire   . . .        G - +7 war axe (freeze)
rCold   . . .        (no shield)
rNeg    . . .        c - +3 leather armour
rPois   .            (helmet restricted)
rElec   .            p - scarf {repulsion}
rCorr   .            i - +0 pair of gloves
SInv    .            (no boots)
Will    .....        (no amulet)
Stlth   +            (no ring)
HPRegen 0.33/turn    (no ring)
MPRegen 0.11/turn

%: repel missiles
@: on berserk cooldown, slowed, very slow
A: horns 2, retaliatory headbutt
a: Renounce Religion, Berserk, Trog's Hand


You were on level 8 of the Dungeon.
You worshipped Trog.
Trog was most pleased with you.
You visited 1 branch of the dungeon, and saw 8 of its levels.

You collected 413 gold pieces.
You spent 339 gold pieces at shops.

Inventory:

Hand Weapons
 a - a +0 hand axe
 e - a +1 war axe
 w - a +0 giant club
 x - a +1 whip of freezing
 B - a +7 flail of holy wrath
 D - a +2 vampiric rapier
 G - a +7 war axe of freezing (weapon)
Armour
 b - a +0 animal skin
 c - a +3 leather armour (worn)
 f - a +0 ring mail
 i - a +0 pair of gloves (worn)
 p - a scarf of repulsion (worn)
 r - a +0 cloak
Jewellery
 h - a ring of magical power
Wands
 k - a wand of flame (20)
 A - a wand of mindburst (27)
 K - a wand of iceblast (10)
Scrolls
 j - 3 scrolls of identify
 m - 4 scrolls of teleportation
 n - 2 scrolls of magic mapping {unknown}
 t - a scroll of immolation {unknown}
 u - a scroll of summoning {unknown}
 v - a scroll of enchant armour {unknown}
 y - 2 scrolls of fear {unknown}
 C - a scroll of poison
 H - a scroll of enchant weapon
 I - a scroll of noise {unknown}
 J - a scroll of amnesia
Potions
 d - 6 potions of curing
 g - 3 potions of heal wounds
 l - 3 potions of might
 o - a potion of invisibility {unknown}
 q - a potion of berserk rage {unknown}
 s - a potion of cancellation {unknown}
 z - 2 potions of lignification
 E - 2 potions of mutation
 F - a potion of brilliance {unknown}


   Skills:
 - Level 4.0 Fighting
 * Level 14.3 Axes
 + Level 10.3 Armour
 - Level 2.3 Dodging


You had 9 spell levels left.
You didn't know any spells.
Your spell library was empty.

Dungeon Overview and Level Annotations

Branches:
Dungeon (8/15)             Temple (0/1) D:4            Lair (0/5) D:8

Altars:
Elyvilon
Fedhas
Okawaru
Sif Muna
Uskayaw
Xom
Yredelemnul

Shops:
D:6 !*((*

Annotations:
D:5 3 runed translucent doors, fireball365's ghost, novice HOFi


Innate Abilities, Weirdness & Mutations

You have a pair of horns on your head.
You reflexively headbutt those who attack you in melee.


Message History

* * * LOW HITPOINT WARNING * * *
The tengu warrior pecks you.
* * * LOW HITPOINT WARNING * * *
The tengu warrior claws you but does no damage.
You slash the tengu warrior! You freeze the tengu warrior.
Your headbutt misses the tengu warrior.
The tengu warrior is severely wounded.
You slash the tengu warrior! You freeze the tengu warrior.
The tengu warrior hits you but does no damage.
The tengu warrior pecks you but does no damage.
The tengu warrior closely misses you. The tengu warrior blocks your attack.
You headbutt the tengu warrior!
The tengu warrior is almost dead.
The tengu warrior blocks your attack. The tengu warrior misses you.
You furiously retaliate!
You headbutt the tengu warrior! The tengu warrior pecks you.
* * * LOW HITPOINT WARNING * * *
The tengu warrior claws you but does no damage.
You are too berserk!
You slash the tengu warrior! You freeze the tengu warrior.
You kill the tengu warrior!
Trog accepts your kill.
You closely miss the tengu warrior.
Your Axes skill increases to level 14!
You have reached level 10!
You feel a strong urge to attack something.
There is an open door here.
You slash the tengu warrior! You freeze the tengu warrior.
Your headbutt misses the tengu warrior.
The tengu warrior is severely wounded.
You hit the tengu warrior. You freeze the tengu warrior.
The tengu warrior blocks your attack.
The tengu warrior is severely wounded.
You are no longer berserk.
You are exhausted.
You feel yourself slow down. The tengu warrior barely misses you.
The tengu warrior pecks you.
* * * LOW HITPOINT WARNING * * *
The tengu warrior claws you.
You die...

............#.........
....(.......#........
#....####'###.......#
#....####...#.......#
#....#......#.......# .
#....#......#.......# ...
#....#......#.......#####.....
#....#......#....Q.)).........
#....#......####@###..........
#....†.............#..........
#..###########.....#..........
#..## .....##.....#..........
....# ............##+###.....
....# .................#.....
....# .................#.....
....# .................# #####
##################


You could see a tengu warrior.

Vanquished Creatures
  A tengu warrior (D:8)
  Pikel (D:4)
  A wyvern (D:8)
  Eustachio (D:5)
  A steam dragon (D:7)
  Edmund (D:5)
  Duvessa (D:7)
  3 water moccasins
  An ice beast (D:6)
  2 sky beasts
  6 black bears
  An ogre (D:4)
  3 lemures (D:4)
  A phantom (D:5)
  A kobold brigand (D:7)
  3 bullfrogs
  4 scorpions (D:6)
  Dowan (D:7)
  An orc priest (D:7)
  2 hounds
  4 jellies
  2 sleepcaps (D:5)
  4 iguanas (D:4)
  3 orc wizards (D:7)
  11 adders
  3 gnolls (D:5)
  An ufetubus (D:5)
  2 worms
  3 dart slugs
  14 orcs
  8 ball pythons
  7 endoplasms
  5 goblins
  10 hobgoblins
  6 jackals
  8 kobolds
  2 quokkas (D:2)
  3 bats (D:1)
  5 frilled lizards
  3 rats
140 creatures vanquished.

Notes
Turn   | Place    | Note
-------+----------+-------------------------------------------
     0 | D:1      | Skeebo the Minotaur Berserker began the quest for the Orb.
     0 | D:1      | Reached XP level 1. HP: 19/19 MP: 0/0
   447 | D:1      | Reached XP level 2. HP: 27/27 MP: 1/1
   783 | D:1      | Reached skill level 4 in Axes
   937 | D:2      | Reached XP level 3. HP: 26/33 MP: 2/2
   987 | D:2      | Identified the +6 great mace of Fortitude {pain, Dex+4}
  1150 | D:2      | Reached ** piety under Trog
  1231 | D:2      | Reached skill level 5 in Axes
  1249 | D:2      | Reached XP level 4. HP: 33/40 MP: 3/3
  1463 | D:2      | Found a faded altar of an unknown god.
  1936 | D:3      | Found a white marble altar of Elyvilon.
  1941 | D:3      | Found an iron altar of Okawaru.
  1948 | D:3      | Found a shimmering blue altar of Sif Muna.
  1954 | D:3      | Found a blossoming altar of Fedhas.
  1960 | D:3      | Found a basalt altar of Yredelemnul.
  2296 | D:3      | Reached XP level 5. HP: 46/46 MP: 4/4
  2468 | D:4      | Noticed a lemure
  2468 | D:4      | Noticed Pikel
  2468 | D:4      | Noticed a lemure
  2517 | D:4      | Reached skill level 6 in Axes
  2585 | D:4      | Found a hide-covered altar of Uskayaw.
  2586 | D:4      | Noticed a +0 hand axe
  2586 | D:4      | Noticed a +0 hand axe
  2599 | D:4      | Noticed an ogre
  2620 | D:4      | Killed an ogre
  2621 | D:4      | Reached skill level 7 in Axes
  2621 | D:4      | Reached XP level 6. HP: 52/52 MP: 5/5
  2717 | D:4      | Reached *** piety under Trog
  2768 | D:4      | Found a staircase to the Ecumenical Temple.
  2948 | D:4      | Killed Pikel
  2949 | D:4      | Reached skill level 9 in Axes
  2949 | D:4      | Reached XP level 7. HP: 34/59 MP: 6/6
  3240 | D:5      | Entered Level 5 of the Dungeon
  3256 | D:5      | Found a runed translucent gate.
  3257 | D:5      | Found a runed translucent gate.
  3257 | D:5      | Found a runed translucent gate.
  3257 | D:5      | Noticed fireball365's ghost (novice HOFi)
  3262 | D:5      | Identified the +1 spear of the Hurling Gnat {heavy, Will+
                  | Str-3 Int+4}
  3262 | D:5      | Identified the +10 ring mail of Analysis {Rampage Int+2}
  3334 | D:5      | Reached XP level 8. HP: 42/66 MP: 7/7
  3361 | D:5      | Reached skill level 10 in Axes
  3514 | D:5      | Noticed Edmund
  3529 | D:5      | Killed Edmund
  3842 | D:5      | Noticed Eustachio
  3862 | D:5      | Killed Eustachio
  3863 | D:5      | Reached skill level 11 in Axes
  4385 | D:6      | Reached XP level 9. HP: 67/71 MP: 8/8
  4392 | D:6      | Found Fywoxeth's Assorted Antiques.
  4414 | D:6      | Found Wopro's Antique Weapon Shoppe.
  4438 | D:6      | Reached skill level 12 in Axes
  4687 | D:6      | Found Savesuor's Distillery.
  4691 | D:6      | Found Jow Qac's Assorted Antiques.
  4814 | D:6      | Found Zopnaso's Weapon Boutique.
  5021 | D:6      | Bought a +4 war axe of freezing for 339 gold pieces
  5315 | D:7      | Reached skill level 13 in Axes
  5357 | D:7      | Noticed Duvessa
  5372 | D:7      | Killed Duvessa
  5374 | D:7      | Noticed Dowan
  5380 | D:7      | Killed Dowan
  5464 | D:7      | Found a shimmering altar of Xom.
  6159 | D:8      | Noticed a tengu warrior
  6276 | D:8      | Found a staircase to the Lair.
  6302 | D:8      | Reached skill level 10 in Armour
  6345 | D:8      | Noticed a tengu warrior
  6360 | D:8      | HP: 4/106 [tengu warrior/+0 war axe (5)]
  6361 | D:8      | Killed a tengu warrior
  6362 | D:8      | Reached skill level 14 in Axes
  6362 | D:8      | Reached XP level 10. HP: 5/78 MP: 9/9
  6366 | D:8      | HP: 1/78 [tengu warrior/+0 war axe (3)]
  6366 | D:8      | Slain by a tengu warrior

Illustrated notes

Levels and vault maps discovered:
D:1:      ldierk_walled_garden_2, layout_basic
D:2:      layout_rooms, nicolae_ecumenical_lake_church
D:3:      layout_rooms, nicolae_overflow_hallway_of_the_gods,
          palyth_stone_intersect, corexii_corridor_pit, minmay_starry_boxes
D:4:      layout_cave_pools, dancing_weapons_uskayaw, temple_green, uniq_pikel
D:5:      layout_loops_ring, biasface_ghost_orc_armoury, minmay_circle_x,
          uniq_edmund, uniq_eustachio
D:6:      layout_rooms, serial_shops, shop, nicolae_shop_advertising_works
          [nicolae_subvault_shop_adworks], nicolae_shop_scrapyard,
          nicolae_shop_overgrown_old_shop, shop
D:7:      layout_basic, mainiacjoe_overflow_boulevard, serial_bayou_crossing,
          uniq_duvessa
D:8:      layout_gridville, mainiacjoe_overflow_tiny_flanked, lair_entry_dummy

Skill      XL: |  1  2  3  4  5  6  7  8  9 |
---------------+----------------------------+-----
Fighting       | 4 |  4.0
Axes           | 4 5 7 9 11 14 | 14.3
Armour         | 3 4 6 8 10 | 10.3
Dodging        | |  2.3

Action                     |  1- 3 |  4- 6 |  7- 9 | 10-12 || total
---------------------------+-------+-------+-------+-------++-------
  Melee: Hand axe          |    12 |       |       |       ||    12
         War axe           |    63 |   114 |   199 |     2 ||   378
         Headbutt          |     9 |     7 |    33 |       ||    49
         Punch             |       |     1 |     1 |       ||     2
 Invoke: Berserk           |       |     1 |     4 |       ||     5
         Trog's Hand       |       |       |     2 |       ||     2
    Use: Scroll            |       |     7 |     6 |       ||    13
         Potion            |       |       |     2 |       ||     2
 Armour: Animal skin       |     3 |       |       |       ||     3
         Ring mail         |    28 |     5 |       |       ||    33
         Leather armour    |       |    26 |    75 |       ||   101
  Dodge: Dodged            |    51 |    57 |    94 |     1 ||   203
         Repelled          |       |       |     2 |       ||     2
